 Dungeon Crawl Stone Soup version 0.21-a0-529-g8c7b3f5 (webtiles) character file.

15400 Amnesiac the Destroyer (level 12, 0/68 HPs)
             Began as a Deep Elf Wizard on Dec 10, 2017.
             Was a High Priest of Sif Muna.
             Slain by a sixfirhy (10 damage)
             ... summoned by Frances
             ... on level 12 of the Dungeon.
             The game lasted 00:30:06 (12473 turns).

Amnesiac the Destroyer (Deep Elf Wizard)           Turns: 12473, Time: 00:30:07

Health: 0/68       AC:  7    Str:  4    XL:     12   Next: 0%
Magic:  11/31      EV: 15    Int: 29    God:    Sif Muna [*****.]
Gold:   675        SH:  0    Dex: 15    Spells: 6/37 levels left

rFire    + + .     SeeInvis .   X - +2 sword of Power
rCold    . . .     Gourm    .   (shield currently unavailable)
rNeg     . . .     Faith    .   V - +0 robe {rF+}
rPois    +         Spirit   .   f - +0 helmet
rElec    .         Reflect  .   (no cloak)
rCorr    .         Harm     .   (no gloves)
MR       ++...                  (no boots)
Stlth    ++........             N - amulet of rage
HPRegen  0.21/turn              i - ring of protection from fire
MPRegen  0.22/turn              W - ring of protection from magic

@: about to teleport, divine energy
A: hooves 1, iridescent scales 1, thin metallic scales 1, agile 1, poison
resistance, evolution 1
a: Stop Divine Energy, Channel Magic, Forget Spell, Renounce Religion, Evoke
Berserk Rage


You were on level 12 of the Dungeon.
You worshipped Sif Muna.
Sif Muna was extremely pleased with you.
You were very hungry.

You visited 1 branch of the dungeon, and saw 12 of its levels.
You also visited: Ossuary.

You collected 675 gold pieces.

Inventory:

Hand Weapons
 g - a +0 dagger of venom
 U - the +9 dagger "Beast's Doom" {protect, rPois}
   (You found it on level 9 of the Dungeon)

   It protects the one who uses it against injury (+AC on strike).
   It protects you from poison.
 X - the +2 sword of Power (weapon)
   (You found it on level 11 of the Dungeon)
Missiles
 c - 4 curare-tipped needles
 h - 540 stones (quivered)
 w - 13 poisoned needles
 Q - a throwing net
Armour
 f - a +0 helmet (worn)
 G - a +0 pair of gloves
 V - a +0 robe of fire resistance (worn)
Jewellery
 i - a ring of protection from fire (left hand)
 J - an uncursed ring of protection from fire
 K - an uncursed ring of flight
 N - an amulet of rage (around neck)
 W - a ring of protection from magic (right hand)
Wands
 z - a wand of flame (98)
 H - a wand of disintegration (10)
 O - a wand of iceblast (10)
 S - a wand of polymorph (10)
Scrolls
 a - a scroll of blinking {!r, unknown}
 b - 3 scrolls of enchant weapon {!r, unknown}
 e - 8 scrolls of remove curse {!r}
 k - 2 scrolls of random uselessness {!r, unknown}
 m - 2 scrolls of noise {!r, unknown}
 p - 5 scrolls of fear {!r, unknown}
 q - 3 scrolls of fog {!r, unknown}
 s - 8 scrolls of teleportation {!r}
 x - a scroll of magic mapping {!r, unknown}
 y - 2 scrolls of amnesia {!r}
 E - 2 scrolls of enchant armour {!r}
 L - 4 scrolls of identify {!r}
 R - a scroll of silence {!r, unknown}
Potions
 l - a potion of degeneration {!q}
 n - 4 potions of haste {!q}
 o - 2 potions of magic {!q}
 r - 3 potions of mutation {!q}
 t - 2 potions of ambrosia {!q}
 u - 2 potions of berserk rage {!q}
 v - 3 potions of heal wounds {!q}
 A - 2 potions of lignification {!q}
 B - 7 potions of brilliance {!q}
 C - 4 potions of flight {!q}
 D - 2 potions of cancellation {!q}
 F - 3 potions of agility {!q}
 I - 6 potions of curing {!q}
Comestibles
 d - 8 bread rations
 j - 6 meat rations


   Skills:
 * Level 5.1 Fighting
 + Level 5.1 Dodging
 - Level 2.4 Stealth
 + Level 13.3 Spellcasting
 * Level 14.0 Conjurations
 - Level 1.1 Summonings
 - Level 1.1 Translocations
 - Level 8.0 Invocations


You had 6 spell levels left.
You knew the following spells:

 Your Spells              Type           Power        Failure   Level  Hunger
a - Orb of Destruction    Conj           #######...   7%          7    ######.
b - Call Imp              Summ           ####....     2%          2    None
c - Summon Butterflies    Summ           ####....     1%          1    None
d - Magic Dart            Conj           ####         0%          1    None
e - Mephitic Cloud        Conj/Pois/Air  #####...     1%          3    None
f - Fire Storm            Conj/Fire      ######....   100%        9    #######
r - Regeneration          Chrm/Necr      ###.......   8%          3    None
s - Conjure Flame         Conj/Fire      ######..     1%          3    None
v - Blink                 Tloc           N/A          2%          2    None


Dungeon Overview and Level Annotations

Branches:
Dungeon (12/15)            Temple (0/1) D:4            Lair (0/6) D:10
    Orc: D:9-12

Altars:
Ru
Sif Muna
Trog
Zin
The Shining One

Shops:
D:5 *

Annotations:
D:5 Prince Ribbit
D:12 Frances


Innate Abilities, Weirdness & Mutations

You have large cloven feet.
You are partially covered in iridescent scales. (AC +2)
You are partially covered in thin metallic scales. (AC +2)
You are agile. (Dex +2)
Your system is resistant to poisons. (rPois)
You evolve.


Message History

B - 7 potions of brilliance {!q} (gained 1)
You now have 675 gold pieces (gained 3).
Things that are here:
a glaive; a chain mail
There is a stone staircase leading up here.
There is an open door here.
Done exploring.
Done exploring.
Done exploring.
Done exploring.
There is an open door here.
You see here a long sword.
HP restored.
There is an open door here.
You see here a club.
There is a stone staircase leading down here.
You climb downwards.
Frances, Duchess of Pandemonium comes into view.
She is wielding a long sword of slicing.
Frances shouts!
There is a stone staircase leading up here.
Casting: Orb of Destruction
Confirm with . or Enter, or press ? or * to list all spells.
Okay, then.
Casting: Orb of Destruction
Confirm with . or Enter, or press ? or * to list all spells.
Aiming: Orb of Destruction
Press: ? - help, Shift-Dir - straight line, f - Frances
Aim: Frances, wielding a long sword of slicing and wearing a glowing scale mail You miscast Orb of Destruction.
Sif Muna protects you from the effects of your miscast!
You are feeling hungry.
Frances screams a word of power!
Casting: Orb of Destruction
Confirm with . or Enter, or press ? or * to list all spells.
Aiming: Orb of Destruction
Press: ? - help, Shift-Dir - straight line, f/p - Frances
Aim: Frances, wielding a long sword of slicing and wearing a glowing scale mail The hellwing swoops through the air toward you!
The hellwing hits you! The hellwing barely misses you.
Frances whispers indecipherable words.
Unknown command.
The orb of destruction hits the orange demon.
The orange demon is almost dead.
Frances screams a word of power!
Frances seems to speed up.
The hellwing barely misses you. The hellwing closely misses you.
Casting: Orb of Destruction
Confirm with . or Enter, or press ? or * to list all spells.
Aiming: Orb of Destruction
Press: ? - help, Shift-Dir - straight line, f/p - Frances
Aim: Frances, wielding a long sword of slicing and wearing a glowing scale mail (fast)
You are feeling very hungry.
The sixfirhy hits you. The sixfirhy shocks you!
* * * LOW HITPOINT WARNING * * *
The hellwing hits you!
* * * LOW HITPOINT WARNING * * *
The hellwing closely misses you.
Unknown command.
Really read
s - 9 scrolls of teleportation {!r}?
As you read the scroll of teleportation {!r}, it crumbles to dust.
You feel strangely unstable. The sixfirhy misses you. The sixfirhy hits you!
* * * LOW HITPOINT WARNING * * *
The sixfirhy shocks you!
You die...

.#...# #####
.....#.....#
....#.....#
...#.....#
#..#....
#.....#
#.....#
#.@4..#
#.§3..#
#.*...#
#.4...#
#..§..#
..@...#
.......#
..####..#
... ..#


You could see Frances, an orange demon, a hellwing and a sixfirhy.

Vanquished Creatures
  A hydra (D:11)
  Erolcha (D:9)
  3 two-headed ogres (D:8)
  An unseen horror (D:11)
  2 cyclopes
  An ugly thing (D:11)
  3 manticores
  Joseph (D:9)
  2 trolls
  17 yaks
  A wraith (D:11)
  A wyvern (D:11)
  Edmund (D:5)
  2 water moccasins (D:5)
  The ghost of kiturien the Gusty, an amateur TeAE (D:3)
  Duvessa (D:4)
  5 ice beasts
  3 sky beasts
  A black bear (D:9)
  6 ogres
  6 orc warriors
  An eye of draining (D:11)
  2 phantoms
  4 centaurs
  A big kobold (D:10)
  7 bullfrogs
  Dowan (D:4)
  9 scorpions
  A wyvern skeleton (D:6)
  9 killer bees
  A bullfrog zombie (D:11)
  3 crimson imps
  3 human zombies (Ossuary)
  A jelly (D:6)
  7 hounds
  6 orc priests
  3 centaur zombies
  10 orc wizards
  3 centaur skeletons
  4 iguanas
  12 worker ants
  A big kobold zombie (Ossuary)
  A hound skeleton (D:5)
  3 mummies
  9 adders
  3 scorpion zombies (Ossuary)
  2 shadow imps
  An adder skeleton (D:4)
  An adder zombie (D:6)
  A worm (D:2)
  6 dart slugs
  10 leopard geckos
  31 orcs
  2 ball pythons
  5 bats
  5 giant cockroaches
  A gnoll zombie (Ossuary)
  12 goblins
  4 hobgoblins
  20 jackals
  5 quokkas
  6 frilled lizards
  2 goblin zombies (Ossuary)
  2 hobgoblin zombies
  7 kobolds
  3 kobold zombies
  2 leopard gecko skeletons
  6 orc zombies
  4 rats
303 creatures vanquished.

Vanquished Creatures (collateral kills)
  A mummy (D:4)
1 creature vanquished.

Vanquished Creatures (others)
  3 scorpions (Ossuary)
  A mummy (Ossuary)
  An orc zombie (Ossuary)
5 creatures vanquished.

Grand Total: 309 creatures vanquished

Notes
Turn   | Place    | Note
-------+----------+-------------------------------------------
     0 | D:1      | Amnesiac the Deep Elf Wizard began the quest for the Orb.
     0 | D:1      | Reached XP level 1. HP: 10/10 MP: 7/7
   137 | D:1      | Reached skill level 1 in Fighting
   375 | D:1      | Reached XP level 2. HP: 16/16 MP: 6/9
   752 | D:2      | Learned a level 2 spell: Blink
   757 | D:1      | Learned a level 2 spell: Call Imp
  1068 | D:1      | Reached XP level 3. HP: 21/21 MP: 11/11
  1073 | D:1      | Learned a level 3 spell: Conjure Flame
  1077 | D:1      | Learned a level 3 spell: Mephitic Cloud
  1726 | D:2      | Found a deep blue altar of Sif Muna.
  1814 | D:2      | Became a worshipper of Sif Muna the Loreminder
  2134 | D:2      | Reached skill level 2 in Conjurations
  2485 | D:3      | Reached XP level 4. HP: 23/27 MP: 6/12
  2604 | D:3      | Noticed kiturien's ghost (amateur TeAE)
  2605 | D:3      | Reached skill level 3 in Conjurations
  3046 | D:3      | Killed kiturien's ghost
  3046 | D:3      | Reached skill level 5 in Conjurations
  3046 | D:3      | Reached XP level 5. HP: 27/31 MP: 6/13
  3061 | D:3      | You fall through a shaft!
  3089 | D:4      | Reached * piety under Sif Muna
  3089 | D:4      | Reached XP level 6. HP: 36/36 MP: 5/15
  3137 | D:4      | Reached skill level 5 in Spellcasting
  3270 | D:4      | Found a staircase to the Ecumenical Temple.
  3474 | D:4      | Reached skill level 6 in Conjurations
  3783 | D:4      | Noticed Duvessa
  3785 | D:4      | Noticed Dowan
  3809 | D:4      | Killed Dowan
  3811 | D:4      | Killed Duvessa
  3811 | D:4      | Reached XP level 7. HP: 34/40 MP: 13/18
  4490 | D:5      | Entered Level 5 of the Dungeon
  4567 | D:5      | Reached ** piety under Sif Muna
  4567 | D:5      | Reached skill level 7 in Conjurations
  4881 | D:5      | Reached XP level 8. HP: 29/45 MP: 0/22
  4977 | D:5      | Reached skill level 8 in Conjurations
  5278 | D:5      | Reached *** piety under Sif Muna
  5500 | D:5      | Noticed Edmund
  5568 | D:5      | Killed Edmund
  5568 | D:5      | Reached skill level 9 in Conjurations
  5572 | D:5      | Reached skill level 10 in Spellcasting
  5574 | D:5      | Noticed Prince Ribbit
  5707 | D:5      | Reached XP level 9. HP: 39/49 MP: 1/25
  5846 | D:5      | Found Osilo's Serpentskin Sales.
  6082 | D:6      | Reached **** piety under Sif Muna
  6082 | D:6      | Reached skill level 10 in Conjurations
  6222 | D:6      | Found a glowing golden altar of the Shining One.
  6462 | D:6      | Found a sand-covered staircase.
  6476 | Ossuary  | Entered an ossuary
  6703 | Ossuary  | Gained mutation: You evolve. [potion of mutation]
  6703 | Ossuary  | Gained mutation: You have large cloven feet. [potion of mutation]
  6703 | Ossuary  | Gained mutation: Your system is resistant to poisons. (rPois) [potion of mutation]
  7480 | D:7      | Noticed a manticore
  7520 | D:7      | Killed a manticore
  7520 | D:7      | Reached ***** piety under Sif Muna
  7520 | D:7      | Identified Douk's Catalogue of Battle Magic {god gift} (Sif Muna gifted it to you on level 7 of the Dungeon)
  7520 | D:7      | Received a gift from Sif Muna
  7520 | D:7      | Reached skill level 11 in Conjurations
  7530 | D:7      | Learned a level 7 spell: Orb of Destruction
  8005 | D:7      | Reached skill level 1 in Invocations
  8005 | D:7      | Reached XP level 10. HP: 28/54 MP: 25/28
  8042 | D:7      | Found a sacrificial altar of Ru.
  8196 | D:8      | Noticed a two-headed ogre
  8200 | D:8      | Killed a two-headed ogre
  8372 | D:8      | Noticed a two-headed ogre
  8378 | D:8      | Reached skill level 5 in Invocations
  8402 | D:8      | Killed a two-headed ogre
  8780 | D:8      | Reached skill level 12 in Conjurations
  9025 | D:8      | Noticed a two-headed ogre
  9027 | D:8      | Killed a two-headed ogre
  9073 | D:8      | Found a bloodstained altar of Trog.
  9476 | D:9      | Got a smoking dagger
  9571 | D:9      | Noticed Joseph
  9685 | D:9      | Killed Joseph
  9685 | D:9      | Reached XP level 11. HP: 14/58 MP: 1/29
  9820 | D:9      | Noticed Erolcha
  9936 | D:9      | Killed Erolcha
  9936 | D:9      | Reached skill level 13 in Conjurations
 10287 | D:10     | Entered Level 10 of the Dungeon
 10602 | D:10     | Found a glowing silver altar of Zin.
 10666 | D:10     | Found a staircase to the Lair.
 10684 | D:10     | Gained mutation: You are agile. (Dex +2) [mutagenic meat]
 10685 | D:10     | Gained mutation: You are partially covered in iridescent scales. (AC +2) [mutagenic meat]
 10686 | D:10     | Gained mutation: You are partially covered in thin metallic scales. (AC +2) [mutagenic meat]
 11365 | D:11     | Noticed a white ugly thing
 11368 | D:11     | Found the +0 sword of Power
 11397 | D:11     | Identified the +9 dagger "Beast's Doom" {protect, rPois} (You found it on level 9 of the Dungeon)
 11701 | D:11     | Killed a white ugly thing
 11744 | D:11     | Noticed an eight-headed hydra
 11749 | D:11     | Killed an eight-headed hydra
 11749 | D:11     | Identified Sif Muna's Disquisition on Creation {god gift} (Sif Muna gifted it to you on level 11 of the Dungeon)
 11749 | D:11     | Received a gift from Sif Muna
 11759 | D:11     | Learned a level 1 spell: Summon Butterflies
 11763 | D:11     | Learned a level 3 spell: Regeneration
 11773 | D:11     | Learned a level 9 spell: Fire Storm
 12231 | D:11     | Reached skill level 5 in Fighting
 12231 | D:11     | Reached skill level 14 in Conjurations
 12251 | D:11     | Killed an unseen horror
 12251 | D:11     | Reached skill level 5 in Dodging
 12251 | D:11     | Reached XP level 12. HP: 20/68 MP: 0/31
 12468 | D:12     | Noticed Frances
 12473 | D:12     | Slain by a sixfirhy

Vault maps used:
D:1:      minmay_arrival_diagonal_passages, st_stairs_10
D:2:      first_bread, led_sif_pool
D:3:      minmay_item_behind_shaft
D:4:      minmay_temple_entry_junction, portal_sewer_entry_f,
          minmay_mini_ossuary, uniq_duvessa
D:5:      cheibrodos_fzero, guppyfry_shop_venom, uniq_prince_ribbit1,
          uniq_edmund
D:6:      tso_metal_star, nicolae_ossuary_entry_giza
D:7:      nicolae_ru_the_path_less_chosen
D:8:      basic_altar, grunt_ogre_cave
D:9:      uniq_joseph, uniq_erolcha
D:10:     dpeg_oklobed_lair, basic_altar, kennysheep_generic_room_11
D:12:     orc_0_dummy, uniq_nessos, uniq_frances
Ossuary:  ossuary_minmay_scorpions

Skill      XL: |  1  2  3  4  5  6  7  8  9 10 11 |
---------------+----------------------------------+-----
Fighting       | 1 2 5 |  5.1
Conjurations   | 2 5 6 7 9 11 12 14 | 14.0
Spellcasting   | 6 8 10 12 13 | 13.3
Invocations    | 1 8 |  8.0
Dodging        | 5 |  5.1
Stealth        | |  2.4
Summonings     | |  1.1
Translocations | |  1.1

Action                   |  1- 3 |  4- 6 |  7- 9 | 10-12 || total
-------------------------+-------+-------+-------+-------++-------
Melee: Dagger            |    80 |    81 |   198 |    25 ||   384
       Kick              |       |       |    10 |     5 ||    15
       Great sword       |       |       |       |     1 ||     1
 Cast: Magic Dart        |    63 |    54 |   222 |    45 ||   384
       Mephitic Cloud    |     1 |     6 |    15 |     9 ||    31
       Call Imp          |       |     3 |       |       ||     3
       Conjure Flame     |       |     2 |    30 |     7 ||    39
       Blink             |       |     2 |     1 |     4 ||     7
       Orb of Destructio |       |       |     1 |   108 ||   109
Invok: Divine Energy     |       |     1 |       |       ||     1
Evoke: Wand              |       |     2 |     7 |       ||     9
  Use: Scroll            |       |     4 |    12 |     1 ||    17
       Potion            |       |     1 |     3 |     1 ||     5
 Stab: Sleeping          |     2 |       |     6 |       ||     8
       Confused          |       |     4 |       |       ||     4
  Eat: Chunk             |     5 |     4 |    13 |    51 ||    73
       Fruit             |       |       |     1 |       ||     1
       Bread ration      |       |       |       |     2 ||     2
Armor: Robe              |    21 |    14 |    35 |    22 ||    92
       Skin              |       |       |       |     1 ||     1
Dodge: Dodged            |    95 |    53 |   153 |    42 ||   343

Table legend:
 A = Spawn XP
 B = Non-spawn XP
 C = Spawn XP percentage of total XP
 D = Spawn monster count
 E = Non-spawn monster count
 F = Spawn count percentage of total count
 G = Total turns spent on level
                    A         B        C        D         E        F      G
               +---------+---------+-------+---------+---------+-------+---------
         Total |       0 |   22001 |   0.0 |       0 |     306 |   0.0 | 12473
               +---------+---------+-------+---------+---------+-------+---------
           D:1 |       0 |      42 |   0.0 |       0 |      20 |   0.0 |  1371
           D:2 |       0 |      43 |   0.0 |       0 |      22 |   0.0 |  1082
           D:3 |       0 |     260 |   0.0 |       0 |      20 |   0.0 |  1056
           D:4 |       0 |     525 |   0.0 |       0 |      32 |   0.0 |  1021
           D:5 |       0 |    2398 |   0.0 |       0 |      49 |   0.0 |  1465
           D:6 |       0 |     708 |   0.0 |       0 |      14 |   0.0 |   768
           D:7 |       0 |    1666 |   0.0 |       0 |      13 |   0.0 |   708
           D:8 |       0 |    3388 |   0.0 |       0 |      28 |   0.0 |  1153
           D:9 |       0 |    2624 |   0.0 |       0 |      26 |   0.0 |   974
          D:10 |       0 |    1217 |   0.0 |       0 |      12 |   0.0 |   902
          D:11 |       0 |    8428 |   0.0 |       0 |      44 |   0.0 |  1279
       Ossuary |       0 |     702 |   0.0 |       0 |      26 |   0.0 |   689
               +---------+---------+-------+---------+---------+-------+---------
